 Dungeon Crawl Stone Soup version 0.30-a0-373-gd37427bb62 (webtiles) character file.

Game seed: 14052737199928363369

44 qeuew the Shield-Bearer (level 3, -1/43 HPs)
             Began as a Formicid Fighter on Nov 23, 2022.
             Slain by Crazy Yiuf
             ... wielding a +2 quarterstaff of chaos
              (5 damage)
             ... on level 2 of the Dungeon.
             The game lasted 00:01:48 (1542 turns).

qeuew the Shield-Bearer (Formicid Fighter)          Turns: 1542, Time: 00:01:51

Health: -1/43      AC: 21    Str: 17 (20) XL:     3   Next: 87%
Magic:  3/3        EV:  2    Int:  6 (7)  God:
Gold:   78         SH:  9    Dex: 13 (15) Spells: 2/2 levels left

rFire   . . .      SeeInvis .    a - +0 war axe
rCold   . . .      Faith    .    i - +0 kite shield
rNeg    . . .      Spirit   .    (body armour currently unavailable)
rPois   +          Reflect  .    (helmet unavailable)
rElec   .          Harm     .    (cloak currently unavailable)
rCorr   .          Rampage  .    (gloves currently unavailable)
Will    .....                    (boots currently unavailable)
Stlth   +.........               (no amulet)
HPRegen 0.27/turn                (no ring)
MPRegen 0.08/turn                (no ring)

@: lethally poisoned (-1 -> -7), tree-form
A: stationary, stasis, torment immunity, boosted hp, permanent stasis, dig
shafts and tunnels, (antennae 3), four strong arms
a: no special abilities


You were on level 2 of the Dungeon.
You were a tree.
You visited 1 branch of the dungeon, and saw 2 of its levels.

You collected 78 gold pieces.

Inventory:

Hand Weapons
 a - a +0 war axe (weapon)
Armour
 b - a +0 scale mail (melded)
 i - a +0 kite shield (worn)
Scrolls
 e - a scroll of enchant armour {unknown}
 g - a scroll of butterflies {unknown}
 h - a scroll of identify {unknown}
Potions
 d - a potion of might
 f - a potion of flight


   Skills:
 + Level 3.6 Fighting
 + Level 2.4 Axes
 * Level 3.9 Armour
 + Level 0.8 Dodging
 + Level 4.3 Shields


You had 2 spell levels left.
You didn't know any spells.
Your spell library contained the following spells:

 Spells                   Type           Power      Damage    Failure   Level
 Scorch                   Fire           0%         2d5       86%         2
 Flame Wave               Conj/Fire      0%         2d4       100%        4
 Summon Cactus Giant      Summ           0%         N/A       100%        6


Dungeon Overview and Level Annotations

Branches:
Dungeon (2/15)

Altars:

Annotations:
D:2 Crazy Yiuf


Innate Abilities, Weirdness & Mutations

You are a tree.
Your roots penetrate the ground, keeping you stationary.
You cannot be teleported.
You are immune to unholy pain and torment.
Your maximum health is greatly increased.
Your equipment is partially melded.
You cannot be hasted, slowed, berserked, paralysed or teleported.
You can dig through walls and to a lower floor.
((You have a pair of large antennae on your head. (SInv)))
Your four strong arms can wield two-handed weapons with a shield.


Message History

You see here a +0 ring mail.
There is a stone staircase leading up here.
Crazy Yiuf shouts!
No reachable target in view!
Could not explore, unopened runed door.
You open the door. You hit Crazy Yiuf but do no damage.
You block Crazy Yiuf's attack.
Crazy Yiuf hits you with a +2 quarterstaff of chaos.
You hit Crazy Yiuf.
Crazy Yiuf is moderately wounded.
Crazy Yiuf barely misses you.
You barely miss Crazy Yiuf.
Crazy Yiuf is moderately wounded.
Crazy Yiuf hits you with a +2 quarterstaff of chaos.
Crazy Yiuf hits you but does no damage.
You are poisoned.
You hit Crazy Yiuf but do no damage.
Crazy Yiuf is moderately wounded.
You feel very sick.
Crazy Yiuf says, "Tosser!"
Crazy Yiuf barely misses you.
You barely miss Crazy Yiuf.
Crazy Yiuf is moderately wounded.
You feel sick.
Crazy Yiuf hits you with a +2 quarterstaff of chaos!
You are lethally poisoned!
You block Crazy Yiuf's attack.
You barely miss Crazy Yiuf.
Crazy Yiuf is moderately wounded.
* * * LOW HITPOINT WARNING * * *
You feel very sick.
Crazy Yiuf hits you with a +2 quarterstaff of chaos.
* * * LOW HITPOINT WARNING * * *
It was a potion of lignification.
You turn into a tree.
Your +0 scale mail melds into your body.
Your roots penetrate the ground.
* * * LOW HITPOINT WARNING * * *
You feel sick.
Crazy Yiuf hits you with a +2 quarterstaff of chaos.
You die...

.# #.###...## .#
#........# .#
#####....# ## ######
### ♣♣########
#)..#♣♣ ♣♣.#......#
##
#...g♣♣♣♣♣.........#
.#
#...#♣..♣.P....###.#
.# ### ♣♣♣.♣.P#.##
#.# .# ♣♣♣♣♣### #.#
.# #.# .# ###
##########.# .# #.#
#..##...##.# .# #.#
#<(.....<..# .#
#.######.###.###..#


You could see Crazy Yiuf.

Vanquished Creatures
  A worm (D:2)
  2 dart slugs
  2 endoplasms (D:2)
  A giant cockroach (D:2)
  3 goblins
  5 hobgoblins
  4 kobolds
  2 quokkas
  7 ball pythons
  3 bats (D:1)
  3 frilled lizards
  A rat (D:1)
34 creatures vanquished.

Vanquished Creatures (others)
  9 plants (D:2)
9 creatures vanquished.

Grand Total: 43 creatures vanquished

Notes
Turn   | Place    | Note
-------+----------+-------------------------------------------
     0 | D:1      | qeuew the Formicid Fighter began the quest for the Orb.
     0 | D:1      | Reached XP level 1. HP: 18/18 MP: 1/1
    51 | D:1      | You fall into a shaft and drop 1 floor!
   191 | D:1      | Reached XP level 2. HP: 24/24 MP: 2/2
   550 | D:1      | Reached XP level 3. HP: 29/29 MP: 3/3
  1198 | D:2      | Found a runed translucent door.
  1199 | D:2      | Noticed Crazy Yiuf
  1397 | D:2      | Identified the +2 buckler of the Eternal Fruit {rElec
                  | Slay+3}
  1542 | D:2      | Slain by Crazy Yiuf

Illustrated notes

Levels and vault maps discovered:
D:1:      lightli_molten_gateway, layout_loops_ring, minivault_4
D:2:      layout_loops_ring, serial_forest, infiniplex_forest_lined_room_3,
          infiniplex_forest_zigzag_1, infiniplex_forest_clump_tiny,
          infiniplex_forest_clump_C, infiniplex_forest_clump_cross,
          uniq_crazy_yiuf_cottage

Action                   || total
-------------------------++-------
Melee: War axe           ||    96
  Use: Potion            ||     3
       Scroll            ||     1
Armor: Scale mail        ||    48
Dodge: Dodged            ||    42
Block: Buckler           ||    13
       Kite shield       ||    15

Table legend: (Time is in decaauts)
 A = Elapsed time spent in this place.
 B = Non-inter-level travel time spent in this place.
 C = Inter-level travel time spent in this place.
 D = Time resting spent in this place.
 E = Time spent auto-exploring this place.
 F = Levels seen in this place.
 G = Mean time per level.
                   A        B        C        D        E       F      G
               +--------+--------+--------+--------+--------+-----+--------+
         Total |   1586 |   1549 |     37 |      0 |   1264 |   2 |  793.0 |
       Dungeon |   1586 |   1549 |     37 |      0 |   1264 |   2 |  793.0 |
               +--------+--------+--------+--------+--------+-----+--------+

Top non-repeatable levels by time:
     D:2: 850 daAuts
     D:1: 735 daAuts
